 Dungeon Crawl Stone Soup version 0.32-a0-132-g2d33c3cfaf (webtiles) character file.

Game seed: 10014980397933822636

5 Newt the Ducker (level 1, 0/16 HPs)
             Began as a Demonspawn Gladiator on Feb 9, 2024.
             Frozen to death by an endoplasm (4 damage)
             ... on level 1 of the Dungeon.
             The game lasted 00:00:30 (464 turns).

Newt the Ducker (Demonspawn Gladiator)               Turns: 464, Time: 00:00:30

Health: 0/16       AC:  4    Str: 14    XL:     1   Next: 66%
Magic:  1/1        EV: 12    Int:  8    God:
Gold:   70         SH:  0    Dex: 14    Spells: 0/0 levels left

rFire   . . .        a - +0 rapier
rCold   . . .        (no shield)
rNeg    . . .        b - +0 leather armour
rPois   .            c - +0 helmet
rElec   .            (no cloak)
rCorr   .            (no gloves)
SInv    .            (no boots)
Will    .....        (no amulet)
Stlth   +            (no ring)
HPRegen 0.22/turn    (no ring)
MPRegen 0.07/turn

%: no passive effects
@: no status effects
A: no striking features
a: no special abilities


You were on level 1 of the Dungeon.
You visited 1 branch of the dungeon, and saw 1 of its levels.

You collected 70 gold pieces.

Inventory:

Hand Weapons
 a - a +0 rapier (weapon)
Missiles
 d - 2 throwing nets (quivered)
Armour
 b - a +0 leather armour (worn)
 c - a +0 helmet (worn)
Scrolls
 g - a scroll of fog {unknown}
 h - a scroll of blinking {unknown}
Potions
 f - a potion of enlightenment {unknown}
 i - a potion of resistance {unknown}


   Skills:
 + Level 2.1 Fighting
 - Level 2.6 Short Blades
 * Level 2.1 Throwing
 - Level 2.6 Dodging


You couldn't memorise any spells.
You didn't know any spells.
Your spell library contained the following spells:

 Spells                   Type           Power      Damage    Failure   Level
 Blink                    Tloc           0%         N/A       63%         2
 Lesser Beckoning         Tloc           0%         N/A       63%         2
 Momentum Strike          Conj/Tloc      0%         3d8       63%         2
 Gell's Gravitas          Tloc           0%         N/A       86%         3
 Teleport Other           Tloc           0%         N/A       86%         3
 Tukima's Dance           Hex            0%         N/A       86%         3
 Passage of Golubria      Tloc           0%         N/A       99%         4
 Yara's Violent Unravell  Hex/Alch       0%         3d3       100%        5


Dungeon Overview and Level Annotations

Branches:
Dungeon (1/15)

Altars:


Message History

You closely miss the bat. You punch the bat.
The bat is moderately wounded.
The bat completely misses you. The bat misses you.
The endoplasm barely misses you.
You hit the bat.
The bat is severely wounded.
The bat barely misses you. The bat completely misses you.
The endoplasm hits you but does no damage.
You hit the endoplasm but do no damage. The bat misses you.
The bat hits you but does no damage. The endoplasm closely misses you.
You hit the bat.
You kill the bat!
The endoplasm hits you but does no damage.
You barely miss the endoplasm. The endoplasm hits you.
You barely miss the endoplasm. The endoplasm hits you.
You are too injured to fight recklessly!
You are too injured to fight recklessly!
You hit the endoplasm but do no damage. The endoplasm hits you.
You hit the endoplasm but do no damage.
The endoplasm hits you but does no damage.
You barely miss the endoplasm. The endoplasm hits you.
* * * LOW HITPOINT WARNING * * *
Unknown command.
Throw: 3 throwing nets
Press: ? - help, Q - select action, (/) - cycle Shift-Dir - straight line, f - endoplasm
Aim: an endoplasm (85% to hit, immune to nets)
You throw a throwing net. The throwing net hits the endoplasm.
The endoplasm effortlessly oozes through the net!
The endoplasm closely misses you.
Throw: javelin
Press: ? - help, Shift-Dir - straight line, f/p - endoplasm
Aim: an endoplasm (85% to hit)
You throw a javelin.
The javelin barely misses the endoplasm.
The endoplasm freezes you.
You are frozen.
* * * LOW HITPOINT WARNING * * *
The endoplasm freezes you.
You are frozen.
You die...

#)###.##.##.##.##.## #
#.#####...###...###
#....#.....#.....#
####.+.....'.....+
#.#.....#.....#
#.##...###...###
#..##[##.##.##.## #
##..###...#'#...###
#@..+.....'.....+.
#.....J.###...###...##.
#.##..##.###.# ##.##..
#ß.. ...#+ #'#... .....
##.. #..... ##...> ###
##.... ##ß.. #.... ##..
#.... #....


You could see an endoplasm.

Vanquished Creatures
  A ball python (D:1)
  A goblin (D:1)
  A quokka (D:1)
  A bat (D:1)
  A rat (D:1)
5 creatures vanquished.

Notes
Turn   | Place    | Note
-------+----------+-------------------------------------------
     0 | D:1      | Newt the Demonspawn Gladiator began the quest for the Orb.
     0 | D:1      | Reached XP level 1. HP: 16/16 MP: 1/1
   464 | D:1      | Frozen to death by an endoplasm

Illustrated notes

Levels and vault maps discovered:
D:1:      denvon_arrival_waterhouse, layout_rooms, nicolae_hexahallways,
          chequers_avenue, st_stairs_6

Skill      XL: |  1 |
---------------+----+-----
Throwing       | 2 |  2.1
Fighting       | |  2.1
Short Blades   | |  2.6
Dodging        | |  2.6

Action                     || total
---------------------------++-------
  Melee: Rapier            ||    36
         Punch             ||     2
  Throw: Javelin           ||     1
         Throwing net      ||     1
 Armour: Leather armour    ||    20
  Dodge: Dodged            ||    25

Table legend: (Time is in decaauts)
 A = Elapsed time spent in this place.
 B = Non-inter-level travel time spent in this place.
 C = Inter-level travel time spent in this place.
 D = Time resting spent in this place.
 E = Time spent auto-exploring this place.
 F = Levels seen in this place.
 G = Mean time per level.
                   A        B        C        D        E       F      G
               +--------+--------+--------+--------+--------+-----+--------+
         Total |    468 |    468 |      0 |     38 |    345 |   1 |  468.0 |
       Dungeon |    468 |    468 |      0 |     38 |    345 |   1 |  468.0 |
               +--------+--------+--------+--------+--------+-----+--------+

Top non-repeatable levels by time:
     D:1: 468 daAuts
